 Dungeon Crawl Stone Soup version 0.30-a0-591-g3c58d2bc28 (webtiles) character file.

Game seed: 6344184600969298759

87 tilp the Shield-Bearer (level 5, -8/46 HPs)
             Began as a Meteoran Fighter on Jan 4, 2023.
             Killed by divine providence
             ... invoked by an orc priest
              (15 damage)
             ... on level 3 of the Dungeon.
             The game lasted 00:01:47 (310 turns).

tilp the Shield-Bearer (Meteoran Fighter)            Turns: 310, Time: 00:01:48

Health: -8/46      AC: 11    Str: 18    XL:     5   Next: 8%
Magic:  6/6        EV: 10    Int:  9    God:
Gold:   153        SH:  5    Dex: 15    Spells: 4/4 levels left

rFire   . . .      SeeInvis .    a - +0 long sword
rCold   + . .      Faith    .    c - +0 buckler
rNeg    . . .      Spirit   .    b - +0 scale mail
rPois   .          Reflect  .    (no helmet)
rElec   .          Harm     .    (no cloak)
rCorr   .          Rampage  .    (no gloves)
Will    .....      Clarity  +    (no boots) Stlth
                                 (no amulet)
HPRegen 0.27/turn                d - ring of protection from cold
MPRegen 0.10/turn                e - +4 ring of protection

@: glowing
A: sense surroundings 1, otherworldly, glowing, explore regen, clarity, wild
magic 1
a: no special abilities


You were on level 3 of the Dungeon.
You visited 1 branch of the dungeon, and saw 4 of its levels.

You collected 153 gold pieces.

Inventory:

Hand Weapons
 a - a +0 long sword (weapon)
Armour
 b - a +0 scale mail (worn)
 c - a +0 buckler (worn)
Jewellery
 d - a ring of protection from cold (left hand)
 e - a +4 ring of protection (right hand)


   Skills:
 + Level 3.8 Fighting
 + Level 3.1 Long Blades
 - Level 4.0 Armour
 * Level 2.4 Dodging
 + Level 1.0 Stealth
 - Level 4.0 Shields


You had 4 spell levels left.
You didn't know any spells.
Your spell library was empty.

Dungeon Overview and Level Annotations

Branches:
Dungeon (4/15) Zot: 2065
 Temple: D:4-7

Altars:
Yredelemnul

Annotations:
D:3 Grinder


Innate Abilities, Weirdness & Mutations

You passively map a small area around you.
You are easily found by Zot.
You glow in the dark.
You regain HP and MP as you explore.
You possess an exceptional clarity of mind.
Your spells are a little harder to cast, but a little more powerful.


Message History

The orc hits you but does no damage.
You slash the orc!
You kill the orc!
You hit something but do no damage.
The orc priest mumbles some strange prayers to Beogh against you.
Beogh smites you!
* * * LOW HITPOINT WARNING * * *
Something hits you.
* * * LOW HITPOINT WARNING * * *
Something hits you but does no damage.
You miss something. Something hits you but does no damage.
Unknown command.
It was a potion of mutation.
You feel extremely strange.
You feel stupid.
Your thoughts seem clearer.
You feel less in control of your magic.
You feel clever. Something hits you but does no damage.
Unknown command.
You miss something. Something hits you but does no damage.
You hit something.
You hear some strange, mumbled words.
A magic dart appears from out of thin air!
The magic dart hits you.
* * * LOW HITPOINT WARNING * * *
Something hits you but does no damage.
You barely miss something. Something hits you but does no damage.
The orc priest looks braver for a moment.
You closely miss something. Something hits you but does no damage.
You miss something. Something hits you but does no damage.
You closely miss something. Something hits you but does no damage.
Something hits you.
* * * LOW HITPOINT WARNING * * *
You slash something! Something hits you.
* * * LOW HITPOINT WARNING * * *
You miss something. Something hits you.
* * * LOW HITPOINT WARNING * * *
You hit something but do no damage. Something hits you but does no damage.
You barely miss something. Something completely misses you.
The orc priest calls down the wrath of Beogh upon you.
Beogh smites you!
You die...

..# ##.# ...# #.######.# #..# ,
#.......# #..# ### ** ##.####.##
#..# <.#* ##.# ##.###.#.###### #
##.#* ##..# #....##......#
#.#...###..#.###.#####..###.#
#...##.#..###...........†....
*#####..#[....#@....#####..#..).
............o.{###.## #......#
.##.####.###.>....†.# #.....## #
#.# #..####..# ####..# #.#*#†.#
#..# #..# * , #......# #..# #..#
, #.....#. #..#* #..# , *
......... ...., * ....
......#.###..#. ,


You could see an orc priest.

Vanquished Creatures
  A necrophage (D:3)
  2 adders (D:3)
  2 orcs (D:3)
  4 ball pythons
  A giant cockroach (D:3)
  A goblin (D:2)
  A hobgoblin (D:1)
  A quokka (D:3)
  A rat (D:2)
14 creatures vanquished.

Notes
Turn   | Place    | Note
-------+----------+-------------------------------------------
     0 | D:1      | tilp the Meteoran Fighter began the quest for the Orb.
     0 | D:1      | Reached XP level 1. HP: 19/19 MP: 2/2
    22 | D:1      | Reached XP level 2. HP: 22/26 MP: 3/3
    63 | D:3      | Found a basalt altar of Yredelemnul.
   128 | D:3      | Noticed Grinder
   175 | D:3      | Reached skill level 1 in Dodging
   195 | D:3      | Reached XP level 3. HP: 11/31 MP: 4/4
   247 | D:3      | Noticed a necrophage
   265 | D:3      | Killed a necrophage
   266 | D:3      | Reached skill level 1 in Stealth
   266 | D:3      | Reached XP level 4. HP: 30/40 MP: 5/5
   266 | D:3      | Reached XP level 5. HP: 34/46 MP: 6/6
   300 | D:3      | Gained mutation: You are dopey. (Int -2) [potion of
                  | mutation]
   300 | D:3      | Gained mutation: You possess an exceptional clarity of
                  | mind. [potion of mutation]
   300 | D:3      | Gained mutation: Your spells are a little harder to cast,
                  | but a little more powerful. [potion of mutation]
   300 | D:3      | Lost mutation: You are dopey. (Int -2) [potion of mutation]
   310 | D:3      | Killed from afar by an orc priest

Illustrated notes

Levels and vault maps discovered:
D:1:      scummos_arrival_star, layout_rooms,
          dreamdust_ecumenical_altar_statues, skrybe_limestone_x
D:2:      layout_basic, serial_forest, infiniplex_forest_zigzag_1,
          infiniplex_forest_lined_3, infiniplex_forest_clump_tiny,
          infiniplex_forest_clump_tiny, infiniplex_forest_3_way,
          infiniplex_forest_lined_room_, infiniplex_forest_lined_4_way,
          infiniplex_forest_clump_small, minivault_19
D:3:      layout_loops_ring, amcnicky_altar_gilded, uniq_natasha, uniq_grinder
D:4:      layout_cave_pools, minmay_misc_feat_alley,
          hangedman_abyss_or_decor_stabs, minmay_ruined_shrine, uniq_robin

Skill      XL: |  1  2  3 |
---------------+----------+-----
Dodging        | 1 2 |  2.4
Long Blades    | 3 |  3.1
Armour         | 4 |  4.0
Stealth        | 1 |  1.0
Shields        | 4 |  4.0
Fighting       | |  3.8

Action                   |  1- 3 |  4- 6 || total
-------------------------+-------+-------++-------
Melee: Long sword        |    62 |    19 ||    81
  Use: Potion            |     2 |     1 ||     3
Armor: Scale mail        |    36 |    16 ||    52
Dodge: Dodged            |    26 |     2 ||    28
Block: Buckler           |    17 |     2 ||    19

Table legend: (Time is in decaauts)
 A = Elapsed time spent in this place.
 B = Non-inter-level travel time spent in this place.
 C = Inter-level travel time spent in this place.
 D = Time resting spent in this place.
 E = Time spent auto-exploring this place.
 F = Levels seen in this place.
 G = Mean time per level.
                   A        B        C        D        E       F      G
               +--------+--------+--------+--------+--------+-----+--------+
         Total |    333 |    289 |     44 |      0 |      0 |   4 |   83.2 |
       Dungeon |    333 |    289 |     44 |      0 |      0 |   4 |   83.2 |
               +--------+--------+--------+--------+--------+-----+--------+

Top non-repeatable levels by time:
     D:3: 239 daAuts
     D:2: 46 daAuts
     D:1: 44 daAuts
     D:4: 1 daAuts
